 Dungeon Crawl Stone Soup version 0.29.1-1-gd02db6906a (webtiles) character file.

Game seed: 5558063171079015129

1040 styxcanada the Covert (level 8, -2/39 HPs)
             Began as a Spriggan Brigand on Sept 9, 2022.
             Slain by an orc warrior
             ... wielding a +0 mace
              (18 damage)
             ... on level 6 of the Dungeon on Sept 25, 2022.
             The game lasted 00:29:04 (6875 turns).

styxcanada the Covert (Spriggan Brigand)            Turns: 6875, Time: 00:29:04

Health: -2/39      AC:  5    Str:  7    XL:     8   Next: 4%
Magic:  13/13      EV: 23    Int: 13    God:
Gold:   85         SH:  0    Dex: 18    Spells: 11/13 levels left

rFire   . . .      SeeInvis +   a - +3 dagger
rCold   . . .      Faith    .   (no shield)
rNeg    . . .      Spirit   .   b - +0 robe
rPois   .          Reflect  .   (helmet restricted)
rElec   .          Harm     .   i - +2 cloak {Stlth+}
rCorr   .          Rampage  .   (gloves unavailable)
Will    +....                   (boots unavailable)
Stlth   ++++++....              x - amulet of regeneration
HPRegen 0.93/turn               A - +4 ring of evasion
MPRegen 0.13/turn               (no ring)

@: very quick
A: very small, no large weapons, unfitting armour, see invisible, speed 3
a: no special abilities


You were on level 6 of the Dungeon.
You visited 2 branches of the dungeon, and saw 7 of its levels.
You also visited: Sewer.

You collected 299 gold pieces.
You spent 214 gold pieces at shops.

Inventory:

Hand Weapons
 a - a +3 dagger (weapon)
 q - a +0 sling
 r - a +2 dagger of venom
 C - the +8 whip of Twilight {drain, rElec rPois}
   (You found it on level 3 of the Dungeon)

   A truly terrible weapon, it drains the life of any living foe it strikes.
   rElec:     It insulates you from electricity.
   rPois:     It protects you from poison.
 D - a +3 quarterstaff of chaos
Missiles
 d - 3 poisoned darts (quivered)
 e - a curare-tipped dart
 f - 25 stones
 y - 2 throwing nets
Armour
 b - a +0 robe (worn)
 i - a +2 cloak of stealth (worn)
 k - the +1 cloak of the Silversmith {Regen+}
   (You found it on level 5 of the Dungeon)

   Regen:     It increases your rate of health regeneration.
Jewellery
 x - an amulet of regeneration (around neck)
 A - a +4 ring of evasion (left hand)
 B - a +6 ring of dexterity
Scrolls
 h - 4 scrolls of poison
 m - a scroll of magic mapping
 v - a scroll of enchant weapon
 w - a scroll of immolation
Potions
 c - a potion of degeneration {unknown}
 g - 4 potions of curing
 j - a potion of mutation {unknown}
 l - a potion of attraction {unknown}
 n - a potion of brilliance
 o - a potion of lignification
 p - a potion of berserk rage {unknown}
 s - a potion of haste {unknown}
 t - 4 potions of heal wounds {unknown}


   Skills:
 * Level 2.8 Fighting
 + Level 4.1 Short Blades
 + Level 0.4 Maces & Flails
 + Level 3.3 Throwing
 * Level 4.2 Dodging
 * Level 9.8 Stealth
 * Level 3.1 Spellcasting
 * Level 3.1 Hexes
 * Level 1.8 Ice Magic


You had 11 spell levels left.
You knew the following spells:

 Your Spells              Type           Power      Damage    Failure   Level
a - Ensorcelled Hibernat  Hex/Ice        16%        N/A       12%         2

Your spell library contained the following spells:

 Spells                   Type           Power      Damage    Failure   Level
 Passwall                 Tmut/Erth      1%         N/A       34%         2
 Swiftness                Air            2%         N/A       56%         3
 Summon Ice Beast         Ice/Summ       4%         N/A       83%         4
 Summon Mana Viper        Hex/Summ       6%         N/A       97%         5
 Monstrous Menagerie      Summ           1%         N/A       100%        7


Dungeon Overview and Level Annotations

Branches:
Dungeon (6/15)             Temple (1/1) D:4           Sewer (visited)

Altars:
Ashenzari
Dithmenos
Fedhas
Kikubaaqudgha
Nemelex Xobeh
Qazlal
Ru
Sif Muna
Trog
Uskayaw
Vehumet
Wu Jian
Xom
Yredelemnul
Zin

Shops:
D:4 [


Innate Abilities, Weirdness & Mutations

You are very small and have problems with some larger weapons.
You are too small for most types of armour.
You have supernaturally acute eyesight. (SInv)
You cover ground extremely quickly. (Speed+++)


Message History

The orc is heavily wounded.
You feel sick. The orc completely misses you.
You hit the orc.
The orc is severely wounded.
You feel sick.
You completely miss the orc.
The orc is severely wounded.
You feel sick. The orc misses you.
You hit the orc.
You kill the orc!
You feel sick.
d - a poisoned dart You see here a +0 mace.
You feel sick.
You feel sick.
You are no longer poisoned.
d - 3 poisoned darts (gained 2)
You see here a +0 war axe.
You start resting.
HP restored.
You see here a +0 mace.
Items here: )) [ †.
r - a +2 dagger of venom You start waiting.
Done waiting.
An orc comes into view. It is wielding a +0 flail.
An orc wizard comes into view. It is wielding a +0 dagger.
An orc warrior comes into view. It is wielding a +0 mace.
The helpless orc fails to defend itself.
You stick the orc like a pincushion!!!
You kill the orc!
You closely miss the orc warrior.
The orc warrior hits you with a +0 mace!
The orc wizard shouts!
You hit the orc wizard.
The orc wizard is moderately wounded.
The orc wizard casts a spell at you. The puff of flame hits you!
The orc warrior hits you with a +0 mace!!
You die...

.....####.###.#<#
#..#.>#
#......#..[))#.####..#
.#
#......####.#.......#
#
#......####.#######.#
#.........#.........#
#.........###########
#.........+
#$........#
#......@..#
#.....oo..#
#.........#
#.........#
#.........#
#######...# #...#
#####


You could see an orc warrior and an orc wizard.

Vanquished Creatures
  Menkaure (D:4)
  An ice beast (D:5)
  An ogre (D:5)
  2 bullfrogs
  An orc priest (D:5)
  3 hounds (D:5)
  Crazy Yiuf (D:3)
  Ijyb (D:5)
  Jessica (D:3)
  A hell rat (Sewer)
  An iguana (D:5)
  2 orc wizards
  10 gnolls
  10 adders
  2 shadow imps
  An ufetubus (D:4)
  3 dart slugs
  10 orcs
  12 ball pythons
  9 endoplasms
  2 giant cockroaches (D:4)
  8 goblins
  2 hobgoblins
  4 jackals (D:2)
  4 quokkas
  6 bats
  3 frilled lizards
  7 kobolds
  6 rats
115 creatures vanquished.

Notes
Turn   | Place    | Note
-------+----------+-------------------------------------------
     0 | D:1      | styxcanada the Spriggan Brigand began the quest for the
                  | Orb.
     0 | D:1      | Reached XP level 1. HP: 10/10 MP: 2/2
     4 | D:1      | Upgraded the game from 0.29.0-13-gc9e81de378 to
                  | 0.29.1-1-gd02db6906a
    67 | D:1      | Reached skill level 6 in Stealth
   252 | D:1      | Reached XP level 2. HP: 14/14 MP: 3/3
   556 | D:2      | Found a faded altar of an unknown god.
   942 | D:2      | Reached skill level 7 in Stealth
   942 | D:2      | Reached XP level 3. HP: 18/18 MP: 4/4
  1361 | D:2      | Found an ornate altar of the Wu Jian Council.
  1375 | D:2      | Reached XP level 4. HP: 18/23 MP: 5/5
  1731 | D:2      | Learned a level 2 spell: Ensorcelled Hibernation
  2364 | D:3      | Found a glowing drain.
  2425 | Sewer    | Entered a sewer
  2578 | Sewer    | Reached skill level 1 in Spellcasting
  2578 | Sewer    | Reached XP level 5. HP: 9/26 MP: 7/7
  3013 | D:3      | Reached skill level 8 in Stealth
  3130 | D:3      | Reached skill level 1 in Hexes
  3716 | D:3      | Noticed Jessica
  3722 | D:3      | Killed Jessica
  3723 | D:3      | Reached XP level 6. HP: 30/30 MP: 9/9
  3786 | D:3      | Identified the +8 whip of Twilight {drain, rElec rPois}
  3908 | D:3      | Found a runed translucent door.
  3909 | D:3      | Noticed Crazy Yiuf
  3916 | D:3      | Killed Crazy Yiuf
  4047 | D:4      | Found a staircase to the Ecumenical Temple.
  4056 | Temple   | Entered the Ecumenical Temple
  4405 | D:4      | Reached skill level 1 in Ice Magic
  4420 | D:4      | Noticed Menkaure
  4441 | D:4      | Found Achygh's Armour Emporium.
  4614 | D:4      | Killed Menkaure
  4744 | D:4      | Reached XP level 7. HP: 24/35 MP: 11/11
  4748 | D:4      | Bought a +1 cloak of stealth for 214 gold pieces
  4816 | D:4      | Found a bloodstained altar of Trog.
  5596 | D:5      | Entered Level 5 of the Dungeon
  5602 | D:5      | Reached skill level 9 in Stealth
  5702 | D:5      | Identified the +1 cloak of the Silversmith {Regen+}
  6045 | D:5      | Noticed Ijyb
  6092 | D:5      | Killed Ijyb
  6550 | D:5      | Reached XP level 8. HP: 32/39 MP: 13/13
  6875 | D:6      | Slain by an orc warrior

Illustrated notes

Levels and vault maps discovered:
D:1:      dpeg_arrival_rhombi, layout_rooms, hangedman_decor_push
D:2:      layout_basic, basic_altar, hellmonk_ecumenical_altar_blasted
D:3:      cheibrodos_greedy_goblins, layout_basic, gup_sewer_entry_glass,
          uniq_crazy_yiuf_cottage, uniq_jessica
D:4:      minmay_evil_eye, layout_gridville, bloody_trog,
          minmay_temple_entry_sparse_star, serial_shops,
          nicolae_shop_temple_entry_statues_fountains, uniq_menkaure
D:5:      layout_loops_ring, uniq_ijyb
D:6:      layout_basic, mainiacjoe_overflow_catwalk,
          nicolae_kite_square_tiling_tiny
Temple:   oiseaux_autumnal_temple

Skill      XL: |  1  2  3  4  5  6  7 |
---------------+----------------------+-----
Stealth        | 6 7 8 9 |  9.8
Short Blades   | 3 4 |  4.1
Dodging        | 2 3 4 |  4.2
Spellcasting   | 1 2 3 |  3.1
Fighting       | 2 |  2.8
Hexes          | 1 2 3 |  3.1
Ice Magic      | 1 |  1.8
Throwing       | 3 |  3.3
Maces & Flails | |  0.4

Action                   |  1- 3 |  4- 6 |  7- 9 || total
-------------------------+-------+-------+-------++-------
Melee: Dagger            |   100 |   150 |   153 ||   403
       Punch             |       |     1 |     5 ||     6
       Whip              |       |    14 |       ||    14
Throw: Dart              |     8 |    41 |    15 ||    64
       Stone             |       |     2 |     1 ||     3
 Cast: Ensorcelled Hiber |       |     1 |       ||     1
  Use: Scroll            |       |    11 |     2 ||    13
       Potion            |       |       |     1 ||     1
 Stab: Sleeping          |     8 |    11 |     7 ||    26
       Distracted        |       |     1 |     1 ||     2
Armor: Robe              |    11 |    14 |    13 ||    38
Dodge: Dodged            |    63 |   114 |   103 ||   280
